 Dungeon Crawl Stone Soup version 0.29-a0-495-g17b79114eb (webtiles) character file.

Game seed: 13658588077658751810

338 oldark the Slasher (level 6, -2/72 HPs)
             Began as a Human Fighter on May 28, 2022.
             Splashed by a jelly's acid (5 damage)
             ... on level 4 of the Dungeon.
             The game lasted 00:05:51 (3987 turns).

oldark the Slasher (Human Fighter)                  Turns: 3987, Time: 00:05:52

Health: -2/72      AC:  7    Str: 18    XL:     6   Next: 85%
Magic:  0/6        EV:  2    Int:  8    God:
Gold:   121        SH:  4    Dex: 13    Spells: 5/5 levels left

rFire   . . .      SeeInvis .   a - +0 long sword
rCold   . . .      Faith    .   c - +0 buckler
rNeg    . . .      Spirit   +   (body armour currently unavailable)
rPois   +          Reflect  .   (helmet currently unavailable)
rElec   .          Harm     .   (cloak currently unavailable)
rCorr   .          Rampage  .   (gloves currently unavailable)
Will    .....      NoTele   +   (boots currently unavailable)
Stlth   +.........              l - amulet of guardian spirit
HPRegen 0.22/turn               (no ring)
MPRegen 0.10/turn               (no ring)

@: tree-form, corroded
A: stationary, stasis, torment immunity, boosted hp
a: no special abilities


You were on level 4 of the Dungeon.
You were a tree.
You visited 1 branch of the dungeon, and saw 4 of its levels.

You collected 121 gold pieces.

Inventory:

Hand Weapons
 a - a +0 long sword (weapon)
Armour
 b - a +0 scale mail (melded)
 c - a +0 buckler (worn)
Jewellery
 k - a ring of resist corrosion
 l - an amulet of guardian spirit (around neck)
Scrolls
 e - a scroll of amnesia
 g - a scroll of vulnerability
 i - a scroll of teleportation
 j - a scroll of poison
 t - a scroll of torment
Potions
 d - 3 potions of might
 m - a potion of lignification
 n - a potion of ambrosia


   Skills:
 + Level 3.7 Fighting
 * Level 5.7 Long Blades
 + Level 3.5 Armour
 + Level 0.7 Dodging
 - Level 3.2 Shields


You had 5 spell levels left.
You didn't know any spells.
Your spell library was empty.

Dungeon Overview and Level Annotations

Branches:
Dungeon (4/15)
 Temple: D:4-7

Altars:
Qazlal
Trog
Xom

Shops:
D:2 *   D:4 [


Message History

No target in view!
A jelly comes into view.
You hit the jelly. The acid corrodes you!
Your hands burn!
The jelly is lightly wounded.
The jelly hits you.
You are splashed with acid!
You hit the jelly but do no damage.
Your hands burn!
The jelly is lightly wounded.
The jelly barely misses you.
You hit the jelly.
Your hands burn!
The jelly is moderately wounded.
The jelly barely misses you.
You hit the jelly.
Your hands burn!
The jelly is heavily wounded.
The jelly hits you. The acid corrodes you!
You are splashed with acid!
You hit the jelly. The acid corrodes you!
Your hands burn!
* * * LOW HITPOINT WARNING * * *
The jelly is heavily wounded.
The jelly closely misses you. The jelly barely misses you.
The jelly attacks as you move away! The jelly barely misses you.
Things that are here:
a +0 falchion; 3 scrolls labelled SEPRAS GUEHUG; a kobold corpse You hit the jelly.
Your hands burn!
* * * LOW HITPOINT WARNING * * *
The jelly is heavily wounded.
The jelly hits you.
* * * LOW HITPOINT WARNING * * *
The acid corrodes you!
You are splashed with acid!
* * * LOW HITPOINT WARNING * * *
Really quaff the potion of lignification? [Y]es or [N]o only, please.
Really quaff the potion of lignification?
You turn into a tree.
Your +0 scale mail melds into your body.
Your roots penetrate the ground.
The jelly hits you but does no damage.
You hit the jelly but do no damage. The acid corrodes you!
Your branches burn!
* * * LOW HITPOINT WARNING * * *
The jelly is heavily wounded.
The jelly barely misses you.
You hit the jelly but do no damage.
Your branches burn!
You die...

......... #......# #+#
#......... #......# ..
#......... #......# #.##
#........# ##..).(.# #..#
#........#
#<..#.#######.####........#
##..#.# #......).........#
....#.####.†..............#
....##....'...♣J............
############................#
#................#
#................#
...................#
.............∩.....#
.............(......#
....................#
###....!.....###'##


You could see a jelly.

Vanquished Creatures
  A necrophage (D:3)
  A hound (D:4)
  A jelly (D:3)
  Jessica (D:2)
  An orc wizard (D:4)
  3 gnolls (D:3)
  7 adders
  A worm (D:2)
  A dart slug (D:2)
  3 orcs
  10 endoplasms
  2 giant cockroaches (D:2)
  5 hobgoblins
  4 jackals (D:2)
  4 quokkas
  3 ball pythons
  3 bats
  A frilled lizard (D:2)
  9 goblins
  6 kobolds
  2 rats
69 creatures vanquished.

Notes
Turn   | Place    | Note
-------+----------+-------------------------------------------
     0 | D:1      | oldark the Human Fighter began the quest for the Orb.
     0 | D:1      | Reached XP level 1. HP: 18/18 MP: 1/1
   561 | D:1      | Reached XP level 2. HP: 24/24 MP: 2/2
  1004 | D:2      | Found Melenoyl's General Store.
  1068 | D:2      | Reached XP level 3. HP: 19/29 MP: 3/3
  1182 | D:2      | Found a faded altar of an unknown god.
  1209 | D:2      | Reached skill level 3 in Long Blades
  1431 | D:2      | Noticed Jessica
  1445 | D:2      | Killed Jessica
  1446 | D:2      | Reached XP level 4. HP: 13/35 MP: 4/4
  1806 | D:2      | Reached skill level 4 in Long Blades
  1888 | D:2      | Reached XP level 5. HP: 36/41 MP: 5/5
  2533 | D:3      | Found a bloodstained altar of Trog.
  3001 | D:3      | Found a stormy altar of Qazlal.
  3031 | D:3      | Reached XP level 6. HP: 18/47 MP: 3/6
  3120 | D:3      | Reached skill level 5 in Long Blades
  3338 | D:3      | Found an opulent altar of Gozag.
  3341 | D:3      | Found a shadowy altar of Dithmenos.
  3341 | D:3      | Found a broken altar of Ashenzari.
  3343 | D:3      | Found a shimmering altar of Xom.
  3343 | D:3      | Found a glowing golden altar of the Shining One.
  3343 | D:3      | Found a sacrificial altar of Ru.
  3942 | D:4      | Found Fadghiom's Armour Shoppe.
  3986 | D:4      | HP: 3/72 [acid (2)]
  3987 | D:4      | Splashed by a jelly's acid

Illustrated notes

Levels and vault maps discovered:
D:1:      eino_arrival_cavern_b, layout_basic
D:2:      minmay_inner_zag, layout_basic, serial_shops, shop,
          dreamdust_ecumenical_altar_sealed_demon, uniq_jessica
D:3:      layout_rooms, mainiacjoe_overflow_brackets,
          nicolae_qazlal_scattered_showers, doesnt_xom_only_xom
D:4:      layout_basic, grunt_dithmenos_smoke_and_mirrors, serial_shops, shop

Skill      XL: |  1  2  3  4  5  6 |
---------------+-------------------+-----
Long Blades    | 3 4 5 |  5.7
Fighting       | |  3.7
Armour         | |  3.5
Dodging        | |  0.7
Shields        | |  3.2

Action                   |  1- 3 |  4- 6 || total
-------------------------+-------+-------++-------
Melee: Long sword        |    86 |   205 ||   291
  Use: Scroll            |       |    10 ||    10
       Potion            |       |     4 ||     4
Armor: Scale mail        |    32 |    87 ||   119
       Skin              |       |     1 ||     1
Dodge: Dodged            |    38 |    94 ||   132
Block: Buckler           |    24 |    43 ||    67

Table legend: (Time is in decaauts)
 A = Elapsed time spent in this place.
 B = Non-inter-level travel time spent in this place.
 C = Inter-level travel time spent in this place.
 D = Time resting spent in this place.
 E = Time spent auto-exploring this place.
 F = Levels seen in this place.
 G = Mean time per level.
                   A        B        C        D        E       F      G
               +--------+--------+--------+--------+--------+-----+--------+
         Total |   4057 |   3971 |     86 |   1704 |   1625 |   4 | 1014.2 |
       Dungeon |   4057 |   3971 |     86 |   1704 |   1625 |   4 | 1014.2 |
               +--------+--------+--------+--------+--------+-----+--------+

Top non-repeatable levels by time:
     D:2: 1725 daAuts
     D:3: 1205 daAuts
     D:1: 854 daAuts
     D:4: 273 daAuts
